r e k t, neutral male scurrid Tourist -------------- ............_| |...@.....QQ.. |........Q...| -............| -------------- r e k t the Rambler Experience level: 1 Strength: 13 Dexterity: 12 Constitution: 14 Intelligence: 13 Wisdom: 9 Charisma: 14 Health: 0(9) Energy: 2(2) Def: 0 Gold: 45 Moves: 50 Dungeon seed: YGmREr-vK3FpYSZu Game ID: r e k t_1498625205 Your Inventory: Coins $ - 45 gold pieces Weapons a - 45 uncursed +2 darts (in quiver) Armor e - an uncursed +0 Hawaiian shirt (being worn) Comestibles b - 3 uncursed food rations c - 3 uncursed eggs d - 3 uncursed tripe rations f - an uncursed fortune cookie g - an uncursed carrot Scrolls i - a blessed scroll of magic mapping j - 3 uncursed scrolls of magic mapping Potions h - 2 uncursed potions of extra healing Wands m - an uncursed wand of secret door detection (0:12) Tools k - an uncursed expensive camera (0:35) l - an uncursed credit card n - an uncursed tin opener Spells and supernatural/magical abilities: Name Level Category Fail Memory W - pray for help -- divine ? -- Your skills at the end: Miscellaneous Skills wands [Basic] Weapon Skills dart [Basic] Spellcasting Skills Final Attributes: You were devoutly aligned. You had infravision. You were very stealthy. You are dead. Voluntary challenges: You went without food. You did not adorn yourself with jewelry or accessories. You did not cause conflict. You were not invisible. You did not have reflection. You were not displaced. You were an atheist. You never hit with a wielded weapon. You were a pacifist. You did not use tools. You did not use plumbed fixtures. You did not drink any magical draughts. You were illiterate. You never genocided any monsters. You never polymorphed an object. You never changed form. You used no wishes. You never split a pudding. You never wrote Elbereth's name. You never violated your personal moral code. Dungeon overview: The Dungeons of Doom: levels 1 to 12 Level 1 a fountain a long staircase Level 2 Level 3 Level 4 an altar to Offler Level 5 Level 6 Level 7 Level 8 Level 9 Level 10 Level 11 Level 12 <- You were here an altar to Offler History has recorded: On T:1 you entered the Dungeons of Doom to retrieve the Amulet of Yendor! On T:26 you reached level 2 of The Dungeons of Doom. On T:28 you reached level 3 of The Dungeons of Doom. On T:31 you reached level 4 of The Dungeons of Doom. On T:33 you reached level 5 of The Dungeons of Doom. On T:35 you reached level 6 of The Dungeons of Doom. On T:37 you reached level 7 of The Dungeons of Doom. On T:40 you reached level 8 of The Dungeons of Doom. On T:42 you reached level 9 of The Dungeons of Doom. On T:44 you reached level 10 of The Dungeons of Doom. On T:48 you reached level 11 of The Dungeons of Doom. On T:50 you reached level 12 of The Dungeons of Doom. Score breakdown: Gold: 0 ( 0 points) Experience: 1 level ( 0 points) Exploration: 12 levels ( 330 points) Discoveries: 1 item ( 50 points) Variety of kills: 0 monsters ( 0 points) Major goal: (nothing yet) ( 0 points) Survival: died (score multiplied by 3) Total score: 1140 Latest messages: You make an opening in the wall. You have no weapon equipped. You start digging downward. You continue digging downward. You dig a pit in the floor. You continue digging downward. You dig a hole through the floor. You fall through... You start digging downward. You continue digging downward. You dig a pit in the floor. You continue digging downward. You dig a hole through the floor. You fall through... You receive a faint telepathic message from Twoflower: Your help is urgently needed at Ankh-Morpork! Look for a ...ic transporter. You couldn't quite make out that last message. The Woodland-elf zaps an ebony wand! The magic missile hits the Woodland-elf! The magic missile hits you! You die... Final status: Aloha r e k t the Tourist, killed by a magic missile... You died in The Dungeons of Doom on dungeon level 12 with 1140 points, and 45 pieces of gold, after 50 moves. You were level 1 with a maximum of 9 hit points when you died.